 Dungeon Crawl Stone Soup version 0.21.0-3-g78d12a8bdd (webtiles) character file.

95 Peloso the Shield-Bearer (level 4, 0/40 HPs)
             Began as a Minotaur Fighter on Jan 13, 2018.
             Slain by an orc
             ... wielding a +0 trident
              (2 damage)
             ... on level 3 of the Dungeon.
             The game lasted 00:02:38 (1701 turns).

Peloso the Shield-Bearer (Minotaur Fighter)         Turns: 1701, Time: 00:02:38

Health: 0/40       AC:  8    Str: 21    XL:     4   Next: 39%
Magic:  3/3        EV:  7    Int:  5    God:
Gold:   79         SH:  9    Dex: 10    Spells: 3/3 levels left

rFire    x . .     SeeInvis .   a - +0 long sword
rCold    + . .     Gourm    .   c - +0 shield
rNeg     . . .     Faith    .   b - +0 scale mail
rPois    .         Spirit   .   (helmet restricted)
rElec    .         Reflect  .   (no cloak)
rCorr    .         Harm     .   q - +0 pair of gloves
MR       .....                  (no boots)
Stlth    ..........             (no amulet)
HPRegen  0.13/turn              e - ring of ice
MPRegen  0.08/turn              (no ring)

@: slowed, very slow
A: retaliatory headbutt, horns 2
a: no special abilities


You were on level 3 of the Dungeon.
You were hungry.

You visited 1 branch of the dungeon, and saw 3 of its levels.

You collected 79 gold pieces.

Inventory:

Hand Weapons
 a - a +0 long sword (weapon)
 p - a +0 short sword of venom
Armour
 b - a +0 scale mail (worn)
 c - a +0 shield (worn)
 q - a +0 pair of gloves (worn)
Jewellery
 e - a ring of ice (left hand)
Scrolls
 g - 3 scrolls of fear {unknown}
 i - a scroll of enchant armour {unknown}
 l - a scroll of remove curse {unknown}
 m - 2 scrolls of identify {unknown}
 n - a scroll of teleportation {unknown}
 o - a scroll of noise {unknown}
 r - a scroll of blinking {unknown}
Potions
 d - 2 potions of might
 h - a potion of curing {unknown}
 j - a potion of heal wounds {unknown}
 k - a potion of brilliance {unknown}
Comestibles
 f - 6 rations


   Skills:
 + Level 4.2 Fighting
 + Level 3.3 Long Blades
 + Level 4.4 Armour
 + Level 0.5 Dodging
 + Level 4.6 Shields


You had 3 spell levels left.
You didn't know any spells.

Dungeon Overview and Level Annotations

Branches:
Dungeon (3/15)

Altars:
Kikubaaqudgha
Yredelemnul


Innate Abilities, Weirdness & Mutations

You reflexively headbutt those who attack you in melee.
You have a pair of horns on your head.


Message History

The orc is heavily wounded.
The orc wizard gestures wildly while chanting.
The orc wizard blinks!
You block the orc's attack. x2
Unknown command.
You barely miss the orc. Your headbutt misses the orc.
The orc is heavily wounded.
You block the orc's attack. The orc hits you with a trident.
* * * LOW HITPOINT WARNING * * *
Unknown command.
You barely miss the orc. Your headbutt misses the orc.
The orc is heavily wounded.
The orc barely misses you. x2; You riposte.
You hit the orc. Your headbutt misses the orc.
The orc is almost dead.
Unknown command.
You closely miss the orc.
The orc is almost dead.
The orc wizard casts a spell.
The orc wizard blinks!
The orc hits you with a trident.
You die...

#.# #.# #. ..# #.# #.#
#.# #.# #.# #.# ### #...
#.####.# ... ..#
#...###.##.#.# # ##.# #.#
#.......#ยง...# #.##.#
#.# #...?........###.##.#
#.#
##..o.))#.......#...###.#
.......o@......###.#...<#
##......##.####.#.##.#).#
........##.# ##.###...##
##.#######+# ### ##.## #
###


You could see an orc wizard and an orc.

Vanquished Creatures
  An orc priest (D:3)
  2 worms (D:2)
  A dart slug (D:1)
  2 orcs (D:3)
  3 giant cockroaches
  6 goblins
  7 hobgoblins
  6 jackals
  2 kobolds (D:1)
  A quokka (D:2)
  A ball python (D:1)
  6 bats
  12 frilled lizards
  3 rats
53 creatures vanquished.

Notes
Turn   | Place    | Note
-------+----------+-------------------------------------------
     0 | D:1      | Peloso the Minotaur Fighter began the quest for the Orb.
     0 | D:1      | Reached XP level 1. HP: 19/19 MP: 0/0
   160 | D:1      | Reached XP level 2. HP: 25/27 MP: 1/1
   720 | D:2      | Reached XP level 3. HP: 33/33 MP: 2/2
  1274 | D:2      | Found a basalt altar of Yredelemnul.
  1595 | D:2      | Found an ancient bone altar of Kikubaaqudgha.
  1685 | D:3      | Reached XP level 4. HP: 23/40 MP: 3/3
  1699 | D:3      | HP: 1/40 [orc/trident (2)]
  1701 | D:3      | Slain by an orc

Skill      XL: |  1  2  3 |
---------------+----------+-----
Fighting       | 4 |  4.2
Armour         | 4 |  4.4
Shields        | 4 |  4.6
Long Blades    | 3 |  3.3
Dodging        | |  0.5

Action                   |  1- 3 |  4- 6 || total
-------------------------+-------+-------++-------
Melee: Long sword        |   121 |    13 ||   134
       Headbutt          |    18 |       ||    18
  Eat: Chunk             |     2 |       ||     2
Armor: Scale mail        |    49 |    15 ||    64
Dodge: Dodged            |    45 |    11 ||    56
Block: Shield            |    89 |    21 ||   110
       Rpst.: Long sword |    11 |     3 ||    14
